 Dungeon Sprint DCSS version 0.17-a0-2007-g96ac4c4 (webtiles) character file.

1720 Ordine the Imperceptible (level 8, -5/36 HPs)
             Began as a Spriggan Enchanter on Oct 9, 2015.
             Was a Follower of Dithmenos.
             Shot with an arrow by a centaur warrior (16 damage)
             ... in the Dungeon (Sprint I: "Red Sonja").
             The game lasted 00:04:25 (1021 turns).

Ordine the Imperceptible (Spriggan Enchanter)       Turns: 1021, Time: 00:04:25

Health: -5/36      AC:  3    Str:  4    XL:     8   Next: 75%
Magic:  7/13       EV: 18    Int: 24    God:    Dithmenos [*.....]
Gold:   718        SH:  0    Dex: 16    Spells: 3 memorised, 6 levels left

rFire  . . .     SeeInvis +     a - +1 dagger
rCold  . . .     Clarity  +     b - +1 robe
rNeg   . . .     SustAt   .     (shield restricted)
rPois  .         Gourm    .     (helmet restricted)
rElec  .         Spirit   .     (no cloak)
rCorr  .         Warding  .     (gloves unavailable)
rMut   .         NoTele   +     (boots unavailable)
MR     +....                    k - amulet of clarity
Stlth  +++++++...               (no ring)
                                l - +5 ring of intelligence

@: wreathed by umbra, very quick, somewhat resistant to hostile enchantments,
extremely stealthy
A: unfitting armour, see invisible, herbivore 3, speed 3, slow metabolism 2
a: Renounce Religion


You were in the Dungeon.
You worshipped Dithmenos.
Dithmenos was aware of your devotion.
You were not hungry.

You visited 1 branch You collected 718 gold pieces.

Inventory:

Hand Weapons
 a - a +1 dagger (weapon)
 f - a +0 blowgun
Missiles
 g - 4 curare-tipped needles
Armour
 b - a +1 robe (worn)
Jewellery
 k - an amulet of clarity (around neck)
 l - a +5 ring of intelligence (left hand)
Wands
 i - a wand of frost (42)
Scrolls
 j - a scroll of blinking
Potions
 e - 3 potions of curing
 h - 2 potions of magic
 n - a potion of heal wounds
Books
 c - a book of Maledictions

   Spells                             Type                      Level
   a - Corona                         Hexes                        1
   b - Ensorcelled Hibernation        Hexes/Ice                    2
   c - Confuse                        Hexes                        3
   d - Tukima's Dance                 Hexes                        3
   e - Dazzling Spray                 Conjuration/Hexes            3
Comestibles
 d - a bread ration


   Skills:
 - Level 1.1 Short Blades
 - Level 3.0 Dodging
 + Level 25.8 Stealth
 - Level 2.6 Spellcasting
 - Level 3.6 Hexes


You had 6 spell levels left.
You knew the following spells:

 Your Spells              Type           Power        Failure   Level  Hunger
a - Corona                Hex            ###....      2%          1    None
b - Ensorcelled Hibernat  Hex/Ice        ##....       12%         2    ##.....
c - Confuse               Hex            ###.....     10%         3    ###....


Dungeon Overview and Level Annotations

Branches:
Dungeon (1/1)

Altars:
Cheibriados
Dithmenos
Elyvilon
Fedhas
Gozag
Kikubaaqudgha
Makhleb
Nemelex Xobeh
Okawaru
Qazlal
Ru
Sif Muna
Trog
Vehumet
Xom
Yredelemnul
Zin
The Shining One
Jiyva

Shops:
D (?[


Innate Abilities, Weirdness & Mutations

You are tiny and cannot use many weapons and most armour.
You have supernaturally acute eyesight.
You are a herbivore.
You cover ground extremely quickly.
You need consume almost no food.


Message History

The centaur warrior hits you!
Casting: Ensorcelled Hibernation
Confirm with . or Enter, or press ? or * to list all spells.
Aiming: Ensorcelled Hibernation
Press: ? - help, Shift-Dir - straight line, f - centaur warrior, p - centaur warrior
Aim: a centaur warrior (umbra, chance to defeat MR: 26%)
The centaur warrior looks drowsy...
The centaur warrior shoots an arrow.
The arrow completely misses you.
You hear a splash.
Your unstable footing causes you to fumble your attack.
The centaur warrior shoots an arrow.
The arrow closely misses you.
You hear a splash.
The centaur warrior shouts!
Casting: Ensorcelled Hibernation
Confirm with . or Enter, or press ? or * to list all spells.
Aiming: Ensorcelled Hibernation
Press: ? - help, Shift-Dir - straight line, f/p - centaur warrior
Aim: a centaur warrior (purple smoke, umbra, chance to defeat MR: 26%)
The centaur warrior is unaffected.
The centaur warrior shoots an arrow.
The arrow hits you!
You die...

#################
.#..'..#.)'..#__#
.)..#.)'..#..'†.+
.#####'#####'#__####
.####..#...#/####§§#
.#__####..##.#≈≈§§§#
.#_..__##'#..+§§§c§+
⌠#_.∩...P...P#§§@§c#
##_..._##_.#'##§####
#_____###'#.#(P§.###
##########.####'###(##
........'...'.....')∩#
#++++####.).##########
###.### #.#'#.#
#..§§§#


You could see 2 centaur warriors.

Vanquished Creatures
  Sonja (D)
  A deep troll (D)
  A slime creature (D)
  Sigmund (D)
  A yak (D)
  An ogre (D)
  A jelly (D)
  Ijyb (D)
  A ballistomycete (D)
9 creatures vanquished.

Vanquished Creatures (others)
  2 giant spores (D)
2 creatures vanquished.

Grand Total: 11 creatures vanquished

Notes
Turn   | Place    | Note
--------------------------------------------------------------
     0 | D        | Ordine the Spriggan Enchanter began the quest for the Orb.
     0 | D        | Reached XP level 1. HP: 9/9 MP: 5/5
     2 | D        | Noticed Ijyb
    14 | D        | Killed Ijyb
    14 | D        | Reached skill level 10 in Stealth
    14 | D        | Reached XP level 2. HP: 13/13 MP: 6/6
    56 | D        | Learned a level 2 spell: Ensorcelled Hibernation
    63 | D        | Noticed an ogre
    66 | D        | Killed an ogre
    66 | D        | Reached skill level 14 in Stealth
    66 | D        | Reached XP level 3. HP: 16/16 MP: 8/8
    66 | D        | Reached XP level 4. HP: 21/21 MP: 9/9
    78 | D        | Noticed Sigmund
    81 | D        | Killed Sigmund
    81 | D        | Reached skill level 18 in Stealth
    81 | D        | Reached XP level 5. HP: 24/24 MP: 10/10
    96 | D        | Found a snail-covered altar of Cheibriados.
    96 | D        | Found a viscous altar of Jiyva.
    96 | D        | Found a shadowy altar of Dithmenos.
    96 | D        | Found a blossoming altar of Fedhas.
    96 | D        | Noticed a slime creature
    99 | D        | Killed a slime creature
    99 | D        | Reached skill level 20 in Stealth
    99 | D        | Reached XP level 6. HP: 28/28 MP: 11/11
   102 | D        | Became a worshipper of Dithmenos the Shadowed
   107 | D        | Found a deep blue altar of Sif Muna.
   108 | D        | Noticed a jelly
   109 | D        | Found a radiant altar of Vehumet.
   113 | D        | Killed a jelly
   144 | D        | Found Qynug's Magic Scroll Emporium.
   144 | D        | Found a white marble altar of Elyvilon.
   144 | D        | Found a stormy altar of Qazlal.
   144 | D        | Found a burning altar of Makhleb.
   144 | D        | Found a sacrificial altar of Ru.
   144 | D        | Found a basalt altar of Yredelemnul.
   144 | D        | Found a glowing golden altar of the Shining One.
   144 | D        | Found a sparkling altar of Nemelex Xobeh.
   144 | D        | Found a shimmering altar of Xom.
   144 | D        | Found an opulent altar of Gozag.
   144 | D        | Found an ancient bone altar of Kikubaaqudgha.
   144 | D        | Found a glowing silver altar of Zin.
   144 | D        | Noticed a yak
   156 | D        | HP: 1/28 [yak (13)]
   367 | D        | Killed a yak
   367 | D        | Reached skill level 21 in Stealth
   367 | D        | Reached XP level 7. HP: 32/32 MP: 9/12
   379 | D        | Found an iron altar of Okawaru.
   380 | D        | Found a bloodstained altar of Trog.
   391 | D        | Noticed Sonja
   395 | D        | Killed Sonja
   395 | D        | Reached skill level 24 in Stealth
   395 | D        | Reached XP level 8. HP: 36/36 MP: 11/13
   441 | D        | Found Riqanud's Weapon Boutique.
   461 | D        | Noticed a deep troll
   465 | D        | Killed a deep troll
   465 | D        | Reached skill level 25 in Stealth
   475 | D        | Found Sucebucea's Armour Emporium.
   498 | D        | Learned a level 3 spell: Confuse
  1017 | D        | Noticed a centaur warrior
  1017 | D        | Noticed a centaur warrior
  1021 | D        | Shot with an arrow by a centaur warrior

Vault maps used:
D:        dungeon_sprint_1

Action                   |  1- 3 |  4- 6 |  7- 9 || total
-------------------------+-------+-------+-------++-------
Melee: Dagger            |    12 |     9 |    14 ||    35
 Fire: Blowgun           |       |       |     3 ||     3
 Cast: Ensorcelled Hiber |       |     5 |     3 ||     8
       Corona            |       |     1 |       ||     1
  Use: Potion            |     1 |     3 |       ||     4
       Scroll            |       |       |     3 ||     3
 Stab: Sleeping          |     1 |     4 |     2 ||     7
